 Dungeon Crawl Stone Soup version 0.24.0-37-gcf1ca852f1 (webtiles) character file.

Game seed: 14061868195597673547, levelgen mode: deterministic

118 Mrkan the Covered (level 4, -7/41 HPs)
             Began as a Minotaur Fighter on Nov 29, 2019.
             Killed by divine providence
             ... invoked by an orc priest
              (12 damage)
             ... on level 3 of the Dungeon.
             The game lasted 00:03:11 (1580 turns).

Mrkan the Covered (Minotaur Fighter)                Turns: 1580, Time: 00:03:11

Health: -7/41      AC: 10    Str: 26    XL:     4   Next: 72%
Magic:  3/3        EV:  6    Int:  5    God:
Gold:   68         SH: 10    Dex: 10    Spells: 3/3 levels left

rFire    . . .     SeeInvis .   j - +2 hand axe (flame)
rCold    . . .     Gourm    .   c - +0 shield
rNeg     . . .     Faith    .   n - +0 chain mail
rPois    .         Spirit   .   (helmet restricted)
rElec    .         Reflect  .   (no cloak)
rCorr    .         Harm     .   (no gloves)
MR       .....                  m - +0 pair of boots (curse)
Stlth    ..........             (no amulet)
HPRegen  0.13/turn              (no ring)
MPRegen  0.08/turn              (no ring)

@: mighty
A: retaliatory headbutt, horns 2
a: no special abilities


You were on level 3 of the Dungeon.
You were not hungry.

You visited 1 branch of the dungeon, and saw 3 of its levels.

You collected 68 gold pieces.

Inventory:

Hand Weapons
 j - a +2 hand axe of flaming (weapon)
Armour
 c - a +0 shield (worn)
 m - a cursed +0 pair of boots (worn)
 n - a +0 chain mail (worn)
Scrolls
 e - 3 scrolls of identify {unknown}
 g - 3 scrolls of remove curse {unknown}
 i - a scroll of immolation {unknown}
 l - a scroll of random uselessness {unknown}
Potions
 h - 2 potions of lignification {unknown}
 k - a potion of curing {unknown}
Comestibles
 a - 3 chunks of flesh
 f - 6 rations


   Skills:
 + Level 4.3 Fighting
 * Level 4.2 Axes
 + Level 4.4 Armour
 + Level 4.3 Shields


You had 3 spell levels left.
You didn't know any spells.
Your spell library was empty.

Dungeon Overview and Level Annotations

Branches:
Dungeon (3/15)

Altars:


Innate Abilities, Weirdness & Mutations

You reflexively headbutt those who attack you in melee.
You have a pair of horns on your head.


Message History

The orc wizard is heavily wounded.
The orc wizard barely misses you. You furiously retaliate!
You headbutt the orc wizard.
The orc priest calls down the wrath of Beogh upon you.
Beogh smites you!
* * * LOW HITPOINT WARNING * * *
The orc wizard hits you but does no damage.
You hear a shout!
You hit the orc wizard. You burn the orc wizard.
You kill the orc wizard!
An orc comes into view. It is wielding a +0 short sword.
You slash the orc priest! You burn the orc priest.
The orc priest is severely wounded.
You block the orc priest's attack.
You feel very mighty all of a sudden.
The orc priest calls upon Beogh to heal the orc priest.
The orc priest is healed somewhat.
The orc priest mumbles some strange prayers to Beogh against you.
Beogh smites you!
You die...

# ####.# ...o.#
.....##
#############.......
........@oo.o.......
##########o#####....
#.........# [
#.........#
#.........#
#......)..#
#.........##
+..........#
#..........#


You could see 2 orc priests and 2 orcs.

Vanquished Creatures
  An orc wizard (D:3)
  2 adders (D:2)
  An ooze (D:1)
  A worm (D:2)
  A dart slug (D:1)
  2 orcs (D:3)
  8 bats
  3 giant cockroaches
  11 goblins
  5 hobgoblins
  6 frilled lizards
  13 kobolds
  7 rats
61 creatures vanquished.

Notes
Turn   | Place    | Note
-------+----------+-------------------------------------------
     0 | D:1      | Mrkan the Minotaur Fighter began the quest for the Orb.
     0 | D:1      | Reached XP level 1. HP: 19/19 MP: 0/0
    80 | D:1      | Reached XP level 2. HP: 16/27 MP: 1/1
   280 | D:1      | Reached XP level 3. HP: 33/33 MP: 2/2
  1131 | D:2      | Reached XP level 4. HP: 29/40 MP: 3/3
  1580 | D:3      | Killed from afar by an orc priest

Levels and vault maps discovered:
D:1:      eino_arrival_cavern_b, layout_basic, serial_bayou_pond_b,
          corexii_item_surrounded_by_moat
D:2:      layout_basic, chequers_serial_rivers_marsh
D:3:      layout_basic, first_ration, uniq_crazy_yiuf_cottage

Skill      XL: |  1  2  3  4 |
---------------+-------------+-----
Axes           | 3 4 |  4.2
Armour         | 4 |  4.4
Shields        | 4 |  4.3
Fighting       | 4 |  4.3

Action                   |  1- 3 |  4- 6 || total
-------------------------+-------+-------++-------
Melee: War axe           |   105 |    16 ||   121
       Headbutt          |    17 |     7 ||    24
       Hand axe          |       |    11 ||    11
  Use: Potion            |       |     1 ||     1
  Eat: Chunk             |     1 |     1 ||     2
Armor: Scale mail        |    51 |     5 ||    56
       Chain mail        |       |     7 ||     7
Dodge: Dodged            |    27 |     3 ||    30
Block: Shield            |    60 |    16 ||    76
